 Dungeon Crawl Stone Soup version 0.30.0-5-g1a98f26d00 (webtiles) character file.

Game seed: 3627589395200418053

284 ChrisAssaf the Caller (level 6, -3/41 HPs)
             Began as a Human Summoner on May 9, 2023.
             Killed by nerve-wracking pain
             ... invoked by an orc priest
              (4 damage)
             ... on level 4 of the Dungeon.
             The game lasted 00:07:01 (969 turns).

ChrisAssaf the Caller (Human Summoner)               Turns: 969, Time: 00:07:03

Health: -3/41      AC:  4    Str:  8    XL:     6   Next: 54%
Magic:  9/10       EV: 17    Int: 17    God:
Gold:   54         SH:  0    Dex: 14    Spells: 5/11 levels left

rFire   . . .        j - +1 dagger (venom)
rCold   . . .        (no shield)
rNeg    . . .        a - +0 robe
rPois   .            c - +1 helmet
rElec   .            (no cloak)
rCorr   .            (no gloves)
SInv    .            (no boots)
Will    .....        (no amulet)
Stlth   +            d - +5 ring of evasion
HPRegen 0.26/turn    f - ring of wizardry
MPRegen 0.12/turn

%: wizardry (x1)
@: silenced
A: no striking features
a: no special abilities


You were on level 4 of the Dungeon.
You visited 1 branch of the dungeon, and saw 4 of its levels.

You collected 54 gold pieces.

Inventory:

Hand Weapons
 j - a +1 dagger of venom (weapon)
Armour
 a - a +0 robe (worn)
 c - a +1 helmet (worn)
Jewellery
 d - a +5 ring of evasion (left hand)
 f - a ring of wizardry (right hand)
 g - a ring of poison resistance
Scrolls
 i - a scroll of identify {unknown}


   Skills:
 * Level 0.2 Fighting
 * Level 0.2 Short Blades
 * Level 1.4 Armour
 * Level 2.7 Dodging
 * Level 2.8 Stealth
 * Level 3.3 Spellcasting
 * Level 5.7 Summonings


You had 5 spell levels left.
You knew the following spells:

 Your Spells              Type           Power      Damage    Failure   Level
a - Summon Small Mammal   Summ           88%        N/A       1%          1
b - Call Imp              Summ           44%        N/A       1%          2
c - Call Canine Familiar  Summ           22%        N/A       1%          3

Your spell library contained the following spells:

 Spells                   Type           Power      Damage    Failure   Level
 Summon Guardian Golem    Hex/Summ       12%        N/A       6%          3
 Gell's Gravitas          Tloc           2%         N/A       21%         3
 Teleport Other           Tloc           2%         N/A       21%         3
 Summon Lightning Spire   Summ/Air       12%        N/A       21%         4
 Iskenderun's Battlesphe  Conj           2%         2d6       86%         5
 Dispersal                Tloc           1%         N/A       100%        6
 Iron Shot                Conj/Erth      1%         9d1       100%        6
 Spellforged Servitor     Conj/Summ      6%         N/A       100%        7


Dungeon Overview and Level Annotations

Branches:
Dungeon (4/15)
 Temple: D:4-7

Altars:
Elyvilon
Fedhas
Hepliaklqana
Kikubaaqudgha
Nemelex Xobeh
Zin


Message History

The orc barely misses your cerulean imp.
The ufetubus hits your cerulean imp. x2; Your hound closely misses the phantom.
It was a potion of curing.
You feel better.
The orc hits your hound with a +0 hand axe.
Your cerulean imp misses the ufetubus.
The ufetubus hits your cerulean imp.
Your cerulean imp dies!
Your cerulean imp disappears in a puff of smoke!
The phantom hits you.
The phantom blinks!
You blink.
As you read the scroll labelled ANIUTI NYZUD, it crumbles to dust.
A profound silence engulfs you.
It was a scroll of silence.
The orc priest hits you with a +0 flail.
* * * LOW HITPOINT WARNING * * *
The phantom hits you.
* * * LOW HITPOINT WARNING * * *
The phantom blinks!
You blink.
You barely miss the phantom.
The phantom is severely damaged.
The phantom hits you.
* * * LOW HITPOINT WARNING * * *
The phantom blinks!
You blink.
You enter the shallow water.
Moving in this stuff is going to be slow.
The phantom hits you.
* * * LOW HITPOINT WARNING * * *
The phantom blinks!
You blink.
Your hound closely misses the orc.
The phantom attacks as you move away! The phantom closely misses you.
The phantom hits you but does no damage.
You aren't carrying any potions.
The iguana attacks as you move away! The iguana bites you.
* * * LOW HITPOINT WARNING * * *
The iguana attacks as you move away! The iguana completely misses you.
The phantom attacks as you move away! The phantom closely misses you.
Your hound bites the ufetubus.
The iguana attacks as you move away! The iguana bites you.
* * * LOW HITPOINT WARNING * * *
The phantom attacks as you move away!
The phantom hits you but does no damage.
The orc priest invokes the aid of Beogh against you.
Pain shoots through your body!
You die...

#... #... ... #...####
....# #......##.......
#......#.....#..#
#......#.#.<....#
#............#..#
##...@..~..≈~....#
#......W~~..~....####.
#.......l.~≈..~~........
#.##.......~≈o.~....# #
#.##.._.o≈h.~..#.##
#.###...o5..~.....### #
.....~~..≈~........
......~..~~...[..###
'.....~~..~~†.....#


You could see a phantom (ally target), an iguana, an orc priest, 2 orcs, an
ufetubus and a friendly hound (summoned).

Vanquished Creatures
  A scorpion (D:4)
  2 hobgoblins (D:4)
3 creatures vanquished.

Vanquished Creatures (collateral kills)
  2 scorpions (D:4)
  A howler monkey (D:4)
  A sleepcap (D:4)
  2 adders
  2 dart slugs
  2 bats
  An endoplasm (D:4)
  A giant cockroach (D:1)
  4 goblins
  4 ball pythons
20 creatures vanquished.

Grand Total: 23 creatures vanquished

Notes
Turn   | Place    | Note
-------+----------+-------------------------------------------
     0 | D:1      | ChrisAssaf the Human Summoner began the quest for the Orb.
     0 | D:1      | Reached XP level 1. HP: 13/13 MP: 3/3
   231 | D:2      | Reached XP level 2. HP: 19/19 MP: 1/5
   277 | D:1      | Learned a level 2 spell: Call Imp
   360 | D:3      | Found a white marble altar of Elyvilon.
   360 | D:3      | Found an ancient bone altar of Kikubaaqudgha.
   363 | D:3      | Found a glowing silver altar of Zin.
   510 | D:3      | Reached XP level 3. HP: 19/24 MP: 3/6
   514 | D:3      | Learned a level 3 spell: Call Canine Familiar
   532 | D:4      | Noticed a scorpion
   569 | D:4      | Killed a scorpion
   570 | D:4      | Reached skill level 1 in Armour
   570 | D:4      | Reached XP level 4. HP: 23/30 MP: 5/7
   688 | D:4      | Reached skill level 5 in Summonings
   688 | D:4      | Reached XP level 5. HP: 35/35 MP: 4/8
   846 | D:4      | Reached XP level 6. HP: 40/41 MP: 2/10
   918 | D:4      | Found a sparkling altar of Nemelex Xobeh.
   931 | D:4      | Found a blossoming altar of Fedhas.
   940 | D:4      | Found a hazy altar of Hepliaklqana.
   967 | D:4      | HP: 1/41 [iguana (3)]
   969 | D:4      | Killed from afar by an orc priest

Illustrated notes

Levels and vault maps discovered:
D:1:      eino_arrival_water_cross, layout_rooms, serial_co_window_serial,
          co_window_of_opportunity_a, co_window_of_opportunity_a,
          co_window_corner_a, co_window_of_opportunity_a,
          co_window_of_opportunity_a, co_window_of_opportunity_b,
          co_window_cross_3, co_window_broadway_a, co_window_unsneaky_path_e,
          co_window_corner_b, co_window_of_opportunity_c, co_window_4corner_a,
          glass_columns_c
D:2:      layout_rooms, serial_shops, shop, serial_corexii_hall,
          corexii_hall_statues_x, chequers_hall_statues_wall_a,
          corexii_hall_statues_l, chequers_hall_statues_corner_a,
          chequers_serial_rivers_large_a
D:3:      layout_basic, gammafunk_temple_overflow_forgotten,
          mainiacjoe_overflow_tiny_flanked,
          hellmonk_ecumenical_altar_defaced_shrine, uniq_robin, uniq_ijyb
D:4:      layout_basic, old_standard_altar, mainiacjoe_overflow_catch_the_wave,
          ebering_ghost_disaster_area

Skill      XL: |  1  2  3  4  5 |
---------------+----------------+-----
Armour         | 1 |  1.4
Summonings     | 5 |  5.7
Spellcasting   | 3 |  3.3
Fighting       | |  0.2
Short Blades   | |  0.2
Dodging        | |  2.7
Stealth        | |  2.8

Action                     |  1- 3 |  4- 6 || total
---------------------------+-------+-------++-------
  Melee: Unarmed           |     5 |     2 ||     7
         Dagger            |       |    11 ||    11
   Cast: Summon Small Mamm |    14 |     3 ||    17
         Call Imp          |     6 |     3 ||     9
         Call Canine Famil |     1 |     3 ||     4
    Use: Potion            |     2 |     1 ||     3
         Scroll            |       |     2 ||     2
 Armour: Robe              |     8 |     4 ||    12
  Dodge: Dodged            |    34 |    37 ||    71
